 Dungeon Crawl Stone Soup version 0.28-a0-1130-gc51a68064b (webtiles) character file.

Game seed: 8559602136771632268

32 avis the Ruffian (level 3, 0/33 HPs)
             Began as a Hill Orc Monk on Dec 12, 2021.
             Succumbed to an adder's poison
             ... on level 2 of the Dungeon.
             The game lasted 00:04:04 (1230 turns).

avis the Ruffian (Hill Orc Monk)                    Turns: 1230, Time: 00:04:05

Health: 0/33       AC:  2    Str: 15    XL:     3   Next: 27%
Magic:  3/3        EV: 12    Int: 10    God:
Gold:   76         SH:  0    Dex: 13    Spells: 2/2 levels left

rFire   . . .      SeeInvis .     - Unarmed
rCold   . . .      Faith    .   (no shield)
rNeg    . . .      Spirit   .   a - +0 robe
rPois   .          Reflect  .   (no helmet)
rElec   .          Harm     .   (no cloak)
rCorr   .          Rampage  .   (no gloves)
Will    .....                   (no boots)
Stlth   ++........              (no amulet)
HPRegen 0.11/turn               (no ring)
MPRegen 0.08/turn               (no ring)

@: lethally poisoned (0 -> -7), invisible
A: no striking features
a: no special abilities


You were on level 2 of the Dungeon.
You visited 1 branch of the dungeon, and saw 2 of its levels.

You collected 76 gold pieces.

Inventory:

Missiles
 i - 19 arrows
Armour
 a - a +0 robe (worn)
 g - a +0 ring mail
Magical Staves
 f - a staff of poison
Scrolls
 c - a scroll of noise {unknown}
 d - a scroll of vulnerability {unknown}
 e - a scroll of identify {unknown}
 h - 2 scrolls of blinking {unknown}


   Skills:
 + Level 3.8 Fighting
 - Level 2.4 Dodging
 - Level 1.5 Stealth
 * Level 4.6 Unarmed Combat


You had 2 spell levels left.
You didn't know any spells.
Your spell library was empty.

Dungeon Overview and Level Annotations

Branches:
Dungeon (2/15)

Altars:


Message History

You are poisoned.
The adder poisons you!
You miss the adder.
The adder is moderately wounded.
You feel sick. The adder bites you.
You are too injured to fight recklessly!
You are too injured to fight recklessly!
You are too injured to fight recklessly!
You are too injured to fight recklessly!
You are too injured to fight recklessly!
You are too injured to fight recklessly!
You barely miss the adder.
The adder is moderately wounded.
You feel sick. The adder misses you.
You barely miss the adder.
The adder is moderately wounded.
You feel sick. The adder misses you.
You barely miss the adder.
The adder is moderately wounded.
You feel sick. The adder bites you.
A hobgoblin comes into view. It is wielding a +0 dagger.
You barely miss the adder.
The adder is moderately wounded.
You feel sick.
You are no longer poisoned.
The adder bites you.
* * * LOW HITPOINT WARNING * * *
The adder barely misses you. The adder bites you.
* * * LOW HITPOINT WARNING * * *
You barely miss the adder.
The adder is lightly wounded.
The adder closely misses you.
It was a potion of invisibility.
You fade into invisibility!
The adder closely misses you. The adder bites you.
* * * LOW HITPOINT WARNING * * *
You are lethally poisoned!
The adder poisons you!
You die...

############# ............# ..###
............# #....#####
#............# .#...P..#
.............#
#.....)≈.##.............##
...≈≈≈≈≈≈S..............'.
....≈≈≈≈.#..............##
.....≈≈≈.@.........†....#
.........#..............#
#####.#.#.####..............#
...#.#.#.##................#
#...#.#.##......###.#.#####
#######..#.#.##..........#.#
.........#.#.##......#####.######
............................>....
.......<...#..#...............###


There were no monsters in sight!

Vanquished Creatures
  A bat zombie (D:2)
  4 endoplasms (D:1)
  2 giant cockroaches
  A hobgoblin (D:2)
  4 jackals (D:2)
  A kobold (D:1)
  A quokka (D:1)
  5 ball pythons
  2 bats
  3 frilled lizards
  3 goblins (D:1)
  A jackal zombie (D:2)
  A rat (D:1)
29 creatures vanquished.

Vanquished Creatures (others)
  7 withered plants (D:2)
7 creatures vanquished.

Grand Total: 36 creatures vanquished

Notes
Turn   | Place    | Note
-------+----------+-------------------------------------------
     0 | D:1      | avis the Hill Orc Monk began the quest for the Orb.
     0 | D:1      | Reached XP level 1. HP: 19/19 MP: 1/1
   243 | D:1      | Reached XP level 2. HP: 26/26 MP: 2/2
   373 | D:1      | Reached skill level 4 in Unarmed Combat
   652 | D:1      | Found a faded altar of an unknown god.
   865 | D:2      | Reached XP level 3. HP: 33/33 MP: 3/3
  1230 | D:2      | Succumbed to an adder's poison

Illustrated notes

Levels and vault maps discovered:
D:1:      dpeg_arrival_fog, layout_rooms, shapermc_ecumenical_altar_petra,
          minmay_heptomino_d4
D:2:      layout_basic, serial_undead, serial_undead_f, serial_undead_b,
          serial_undead_f, serial_undead_b, minmay_cupped

Skill      XL: |  1  2 |
---------------+-------+-----
Unarmed Combat | 4 |  4.6
Fighting       | |  3.8
Dodging        | |  2.4
Stealth        | |  1.5

Action                   || total
-------------------------++-------
Melee: Unarmed           ||    97
       Punch             ||     1
  Use: Potion            ||     1
 Stab: Sleeping          ||     2
Armor: Robe              ||    24
Dodge: Dodged            ||    71

Table legend: (Time is in decaauts)
 A = Elapsed time spent in this place.
 B = Non-inter-level travel time spent in this place.
 C = Inter-level travel time spent in this place.
 D = Time resting spent in this place.
 E = Time spent auto-exploring this place.
 F = Levels seen in this place.
 G = Mean time per level.
                   A        B        C        D        E       F      G
               +--------+--------+--------+--------+--------+-----+--------+
         Total |   1223 |   1170 |     53 |    193 |    738 |   2 |  611.5 |
       Dungeon |   1223 |   1170 |     53 |    193 |    738 |   2 |  611.5 |
               +--------+--------+--------+--------+--------+-----+--------+

Top non-repeatable levels by time:
     D:1: 820 daAuts
     D:2: 402 daAuts
